 Dungeon Crawl Stone Soup version 0.27-a0-1188-g73eefd5def (webtiles) character file.

Game seed: 3598686059793380495

132806 Froggeryz the Severer (level 17, -28/144 HPs)
             Began as a Vine Stalker Berserker on May 21, 2021.
             Was the Champion of Trog.
             Killed from afar by a will-o-the-wisp (30 damage)
             ... with a foxfire
             ... on level 2 of the Swamp on May 22, 2021.
             The game lasted 00:34:36 (24747 turns).

Froggeryz the Severer (Vine Stalker Berserker)     Turns: 24747, Time: 00:34:36

Health: -28/144    AC:  7    Str: 29    XL:     17   Next: 13%
Magic:  0/27       EV: 10    Int:  9    God:    Trog [******]
Gold:   1396       SH:  6    Dex: 12    Spells: 16/16 levels left

rFire    . . .     SeeInvis .   V - +1 war axe (vamp)
rCold    + . .     Faith    .   Q - +1 buckler {rC+}
rNeg     . . .     Spirit   +   X - +0 chain mail {rPois}
rPois    +         Reflect  .   x - +2 hat {Will+}
rElec    +         Harm     .   l - +2 cloak {Will+}
rCorr    .         Rampage  +   H - +1 pair of gloves {Str+3}
Will     ++++.                  I - +0 pair of boots "Ekkioll" {Rampage}
Stlth    ..........             S - amulet of regeneration
HPRegen  2.34/turn              k - ring "Bahacs" {rElec MP+9 Int+2 Dex-3}
MPRegen  0.20/turn              K - +4 ring of slaying

@: berserking, corroded, studying Ice Magic, very quick
A: fangs 3, regeneration 1, magic shield, antimagic bite, no potion heal 2
a: Renounce Religion, Berserk, Trog's Hand, Brothers in Arms


You were on level 2 of the Swamp.
You worshipped Trog.
Trog was exalted by your worship.
You visited 5 branches of the dungeon, and saw 27 of its levels.
You also visited: Bailey and Ice Cave.

You collected 2795 gold pieces.
You spent 1399 gold pieces at shops.

Inventory:

Hand Weapons
 P - a +1 hand axe of flaming
 V - a +1 vampiric war axe (weapon)
 W - a +6 vampiric executioner's axe
Missiles
 g - 8 javelins (quivered)
 j - 3 silver javelins
 r - 2 throwing nets
Armour
 l - a +2 cloak of willpower (worn)
 m - a +3 scale mail of fire resistance
 s - the +0 tower shield "Jouph" {rPois Str+5 Int+4}
   (You found it on level 4 of the Dungeon)

   It affects your strength (+5).
   It affects your intelligence (+4).
   It protects you from poison.
 w - the +10 plate armour of the Hall of Blades {rPois rF- rC+++ MP-9}
   (You bought it in a shop on level 1 of the Orcish Mines)

   It makes you vulnerable to fire.
   It renders you almost immune to cold.
   It protects you from poison.
   It affects your magic capacity (-9).
 x - a +2 hat of willpower (worn)
 H - a +1 pair of gloves of strength (worn)
 I - the +0 pair of boots "Ekkioll" (worn) {Rampage}
   (You bought it in a shop on level 1 of the Dungeon)

   It bestows one free step when moving towards enemies.
 Q - a +1 buckler of cold resistance (worn)
 X - a +0 chain mail of poison resistance (worn)
Jewellery
 k - the ring "Bahacs" (left hand) {rElec MP+9 Int+2 Dex-3}
   (You acquired it on level 4 of the Dungeon)

   [ring of magical power]

   It affects your intelligence (+2).
   It affects your dexterity (-3).
   It insulates you from electricity.
   It affects your magic capacity (+9).
 t - a ring of ice
 F - a ring of resist corrosion
 G - a ring of protection from fire
 K - a +4 ring of slaying (right hand)
 S - an amulet of regeneration (around neck)
 U - a ring of ice
Wands
 f - a wand of flame (94)
 q - a wand of iceblast (79)
 N - a wand of paralysis (14)
 R - a wand of digging (10)
Scrolls
 e - 15 scrolls of teleportation
 h - 2 scrolls of fog
 p - 8 scrolls of magic mapping
 A - 5 scrolls of enchant armour
 B - 2 scrolls of blinking
 C - 5 scrolls of immolation
 D - 2 scrolls of summoning
 E - 7 scrolls of enchant weapon
 Z - a scroll of silence
Potions
 a - 3 potions of cancellation
 b - 5 potions of brilliance {unknown}
 c - 5 potions of lignification {unknown}
 i - 11 potions of curing
 o - 2 potions of flight {unknown}
 u - 5 potions of might {unknown}
 v - 6 potions of haste
 J - a potion of magic {unknown}
 L - 7 potions of resistance
 M - 4 potions of attraction
 O - a potion of invisibility
 T - 6 potions of ambrosia {unknown}


   Skills:
 + Level 13.8 Fighting
 - Level 18.3 Axes
 - Level 6.0 Throwing
 + Level 7.9 Armour
 - Level 5.0 Dodging
 - Level 5.1 Shields
 - Level 8.5 Evocations


You had 16 spell levels left.
You didn't know any spells.
Your spell library was empty.

Dungeon Overview and Level Annotations

Branches:
Dungeon (15/15)            Temple (1/1) D:6            Lair (6/6) D:8
  Swamp (3/4) Lair:3       Spider (0/4) Lair:2        Slime (0/5) Lair:5
    Orc (2/2) D:11            Elf (0/3) Orc:2        Vaults (0/5) D:13
 Depths (0/5) D:15         Bailey (visited)           IceCv (visited)

Altars:
Ashenzari
Dithmenos
Elyvilon
Fedhas
Hepliaklqana
Makhleb
Okawaru
Ru
Xom
Zin

Shops:
D:1 [   Orc:1 *   Orc:2 [:!?[

Annotations:
D:8 2 transporters
D:15 Roxanne
Swamp:2 Frances


Innate Abilities, Weirdness & Mutations

You have razor-sharp teeth.
Your natural rate of healing is unusually fast.
When hurt, damage is shared between your health and your magic reserves.
Your bite disrupts and absorbs the magic of your enemies.
Potions cannot restore your health.


Message History

The red devil hits you from afar with a +0 trident!!
Frances splashes around in the water.
You block the rust devil's attack.
The will-o-the-wisp gestures.
The will-o-the-wisp conjures some foxfire! 2 foxfires come into view.
You are too injured to fight recklessly!
A red film seems to cover your vision as you go berserk!
You feel yourself moving faster!
You feel mighty! The foxfire hits you!!
* * * LOW HITPOINT WARNING * * *
The will-o-the-wisp gestures.
The will-o-the-wisp conjures some foxfire!
You block Frances's attack. The red devil barely misses you.
The rust devil closely misses you. The foxfire hits you!
* * * LOW HITPOINT WARNING * * *
2 foxfires come into view.
You completely miss Frances. You bite Frances.
Frances's magic leaks into the air.
You drain her magic.
You feel invigorated.
Frances is heavily wounded.
You hit the rust devil but do no damage.
The will-o-the-wisp gestures.
The will-o-the-wisp conjures some foxfire! 2 foxfires come into view.
You slash Frances! You bite Frances!
Frances's magic leaks into the air.
You drain her magic.
You feel invigorated.
Frances is severely wounded.
You hit the rust devil. You slash the foxfire! The foxfire hits you!
* * * LOW HITPOINT WARNING * * *
Frances falters for a moment.
You block the red devil's attack. The rust devil hits you!
* * * LOW HITPOINT WARNING * * *
The rust devil corrodes you!
You hit Frances.
You feel better.
Your bite misses Frances.
Frances is severely wounded.
You hit the foxfire. You slash the foxfire! You hit the rust devil.
The foxfire hits you!
* * * LOW HITPOINT WARNING * * *
The foxfire hits you!
* * * LOW HITPOINT WARNING * * *
The foxfire hits you!!
You die...

♣≈≈≈≈≈≈≈≈ ♣♣♣♣.≈≈≈§≈ ♣♣♣
♣...≈..≈≈§ ≈♣≈≈≈
♣♣.≈.≈.≈≈≈≈
≈≈≈≈≈♣♣♣♣♣♣♣♣♣.≈≈≈♣♣.≈≈.
♣i§§..≈♣≈♣....≈≈≈♣♣♣≈.≈
♣v§§≈v♣≈.≈≈≈≈≈≈≈§^.§..
≈♣§♣.§4@♣.§≈≈≈...≈≈≈≈≈≈≈
..§§§4v@≈.≈≈≈≈†≈♣.≈..≈..
≈§...§v§........♣♣≈≈..≈.
§.v.♣§§..≈≈≈....♣♣♣♣.≈≈≈
.≈≈≈.§≈≈..≈≈..♣♣♣ ♣≈≈≈≈
..≈≈..≈≈.<..≈♣♣ ♣♣...
♣.......♣♣♣♣♣ ♣♣♣♣
♣≈.♣♣≈..♣ ♣≈♣ ♣♣♣♣♣ ♣♣


You could see Frances, a spriggan druid, a rust devil (summoned), 2
will-o-the-wisps and a red devil (summoned).

Vanquished Creatures
  Gastronok (D:12)
  A thorn hunter (Swamp:3)
  Aizul (Swamp:1)
  A bunyip (Swamp:2)
  Josephine (D:11)
  A fire dragon (Lair:6)
  A shambling mangrove (Swamp:2)
  A vault guard (D:13)
  Fannar (Orc:1)
  15 hydras
  3 boulder beetles
  4 ogre magi (Orc:2)
  3 catoblepae
  20 two-headed ogres
  Erica (Orc:1)
  5 centaur warriors
  5 death yaks
  4 alligators
  2 tengu warriors (D:15)
  A vampire mage (D:15)
  Nergalle (D:11)
  3 skeletal warriors
  2 goliath frogs (Swamp:1)
  A wizard (D:13)
  A bog body (Swamp:1)
  A lindwurm (Lair:6)
  2 swamp dragons (Swamp:1)
  3 orc knights
  5 necromancers
  18 ugly things
  A stone giant zombie (D:15)
  A shadow dragon skeleton (D:15)
  A fire giant zombie (D:15)
  2 manticores (D:12)
  5 cyclopes
  An orc sorcerer (Orc:1)
  2 will-o-the-wisps (Swamp:2)
  9 elephants
  A fire giant skeleton (D:15)
  A torpor snail (Lair:5)
  12 black mambas
  An ice statue (IceCv)
  3 molten gargoyles (Lair:6)
  17 cane toads
  3 gargoyles
  Maggie (Lair:2)
  Psyche (D:12)
  An efreet (D:14)
  8 komodo dragons
  A yaktaur (D:13)
  11 freezing wraiths
  3 tengu conjurers
  5 polar bears
  A meliai (shapeshifter) (D:13)
  4 trolls
  A wolf spider simulacrum (IceCv)
  A queen bee (D:10)
  8 tyrant leeches
  5 blink frogs (Lair:4)
  5 hornets (Swamp:2)
  5 slime creatures
  10 dream sheep
  4 spriggans
  2 redbacks (Lair:2)
  A vampire (D:13)
  8 wraiths
  A shadow (D:9)
  7 wyverns
  18 humans (D:13)
  7 basilisks
  2 steam dragons
  50 yaks
  16 vampire mosquitoes
  A death yak simulacrum (IceCv)
  Menkaure (D:4)
  8 swamp worms
  3 wargs
  4 hell hounds (Lair:6)
  2 acid dragons
  15 water moccasins
  30 orc warriors
  A hornet zombie (D:6)
  2 black bears
  7 ice beasts
  A sky beast (D:6)
  Purgy (D:4)
  A black bear (shapeshifter) (D:14)
  A necrophage (D:6)
  5 centaurs
  3 wolves (Lair:4)
  27 ogres
  13 bullfrogs
  A gnoll sergeant (D:12)
  A scorpion (D:6)
  A water moccasin skeleton (D:4)
  An elephant simulacrum (IceCv)
  22 killer bees
  3 wights (D:7)
  An electric eel (Lair:3)
  4 howler monkeys
  A bullfrog zombie (D:5)
  3 centaur zombies
  5 lava snakes (Lair:6)
  4 draconian simulacra (IceCv)
  12 orc priests
  Crazy Yiuf (D:4)
  2 centaur skeletons
  A hound (D:5)
  4 jellies
  A bullfrog skeleton (D:6)
  A gnoll shaman (D:7)
  3 iguanas
  Ijyb (D:4)
  Terence (D:2)
  12 orc wizards
  3 spriggan simulacra (IceCv)
  5 troll simulacra (IceCv)
  2 polar bear simulacra (Lair:5)
  5 wolf simulacra
  4 yak simulacra (Lair:5)
  2 killer bee zombies
  4 centaur simulacra (IceCv)
  2 hound skeletons
  A howler monkey zombie (D:10)
  2 adders
  11 gnolls
  2 ogre simulacra (IceCv)
  2 naga simulacra (IceCv)
  26 white imps
  An ufetubus (D:5)
  2 dart slugs
  3 worms
  62 orcs
  6 bats
  6 endoplasms
  3 giant cockroaches
  11 goblins
  5 hobgoblins
  15 jackals
  2 kobolds (D:1)
  4 quokkas
  9 ball pythons
  8 frilled lizards
  10 rats
  A river rat simulacrum (Lair:5)
787 creatures vanquished.

Vanquished Creatures (others)
  A deep elf pyromancer (D:12)
  A manticore (D:12)
  A troll (D:12)
  2 bloated husks
  A swamp worm (Swamp:1)
  A bush (Lair:6)
  13 foxfires (Swamp:2)
  38 fungi
  61 plants
  4 withered plants (D:15)
123 creatures vanquished.

Grand Total: 910 creatures vanquished

Notes
Turn   | Place    | Note
-------+----------+-------------------------------------------
     0 | D:1      | Froggeryz the Vine Stalker Berserker began the quest for
                  | the Orb.
     0 | D:1      | Reached XP level 1. HP: 11/11 MP: 2/2
   159 | D:1      | Reached skill level 3 in Axes
   224 | D:1      | Reached XP level 2. HP: 15/16 MP: 3/3
   656 | D:1      | Found Kihor's Armour Shop.
   753 | D:1      | Found a faded altar of an unknown god.
   866 | D:1      | Reached XP level 3. HP: 18/19 MP: 4/4
   870 | D:1      | Reached ** piety under Trog
  1054 | D:1      | Reached skill level 4 in Axes
  1747 | D:2      | Noticed Terence
  1755 | D:2      | Killed Terence
  1756 | D:2      | Gained mutation: Your natural rate of healing is unusually
                  | fast. [Vine Stalker growth]
  1756 | D:2      | Reached XP level 4. HP: 2/23 MP: 1/5
  2199 | D:3      | Reached XP level 5. HP: 23/27 MP: 4/6
  2225 | D:3      | Reached skill level 5 in Axes
  2250 | D:3      | Noticed an ice beast
  2256 | D:3      | Killed an ice beast
  2355 | D:3      | Reached XP level 6. HP: 32/32 MP: 7/7
  2600 | D:4      | Noticed Purgy
  2605 | D:4      | Killed Purgy
  2605 | D:4      | Reached *** piety under Trog
  2606 | D:4      | Reached skill level 6 in Axes
  2662 | D:4      | Found a sacrificial altar of Ru.
  2667 | D:4      | Found a broken altar of Ashenzari.
  2725 | D:4      | Noticed Ijyb
  2737 | D:4      | Killed Ijyb
  2821 | D:4      | Reached XP level 7. HP: 35/35 MP: 8/8
  2829 | D:4      | Identified the +0 tower shield "Jouph" {rPois Str+5 Int+4}
  3043 | D:4      | Found a runed translucent door.
  3044 | D:4      | Noticed Crazy Yiuf
  3078 | D:4      | Noticed Menkaure
  3129 | D:4      | Killed Menkaure
  3130 | D:4      | Reached skill level 7 in Axes
  3376 | D:4      | Killed Crazy Yiuf
  3396 | D:4      | Identified a scroll of acquirement
  3398 | D:4      | Acquired the ring "Bahacs" {rElec MP+9 Int+2 Dex-3}
  3460 | D:5      | Entered Level 5 of the Dungeon
  3555 | D:5      | Gained mutation: You have razor-sharp teeth. [Vine Stalker
                  | growth]
  3555 | D:5      | Reached XP level 8. HP: 39/39 MP: 9/9
  4160 | D:6      | Reached **** piety under Trog
  4225 | D:6      | Noticed a yak
  4225 | D:6      | Noticed a yak
  4225 | D:6      | Noticed a yak
  4238 | D:6      | Killed a yak
  4239 | D:6      | Reached skill level 8 in Axes
  4242 | D:6      | Killed a yak
  4252 | D:6      | Killed a yak
  4255 | D:6      | Reached skill level 5 in Armour
  4270 | D:6      | Reached skill level 9 in Axes
  4282 | D:6      | Reached XP level 9. HP: 29/43 MP: 10/10
  4534 | D:6      | Found a staircase to the Ecumenical Temple.
  4621 | Temple   | Entered the Ecumenical Temple
  5403 | D:8      | Reached skill level 10 in Axes
  5424 | D:8      | Found a transporter.
  5645 | D:8      | Found a staircase to the Lair.
  5741 | D:8      | Found a transporter.
  5970 | D:8      | Noticed a komodo dragon
  5978 | D:8      | Killed a komodo dragon
  5979 | D:8      | Reached XP level 10. HP: 34/49 MP: 11/11
  6324 | Lair:1   | Entered Level 1 of the Lair of Beasts
  6359 | Lair:1   | Noticed a seven-headed hydra
  6369 | Lair:1   | Killed a two-headed hydra
  6370 | Lair:1   | Reached skill level 11 in Axes
  6456 | Lair:1   | Reached skill level 5 in Shields
  6603 | Lair:1   | Noticed a black mamba
  6606 | Lair:1   | Killed a black mamba
  6637 | Lair:1   | Noticed a cane toad
  6644 | Lair:1   | Killed a cane toad
  6845 | Lair:1   | Noticed a cane toad
  6852 | Lair:1   | Killed a cane toad
  7040 | D:1      | Bought the +0 pair of boots "Ekkioll" {Rampage} for 138
                  | gold pieces
  7311 | Lair:1   | Noticed a cane toad
  7319 | Lair:1   | Killed a cane toad
  7585 | Lair:2   | Reached skill level 12 in Axes
  7585 | Lair:2   | Reached XP level 11. HP: 37/54 MP: 12/12
  7727 | Lair:2   | Reached skill level 5 in Fighting
  7760 | Lair:2   | Found a hole to the Spider Nest.
  7802 | Lair:2   | Noticed Maggie
  7820 | Lair:2   | Killed Maggie
  8253 | Lair:2   | Noticed a four-headed hydra
  8282 | Lair:2   | Killed a one-headed hydra
  8462 | Lair:2   | Noticed a five-headed hydra
  8474 | Lair:2   | Killed a one-headed hydra
  8475 | Lair:2   | Reached skill level 13 in Axes
  8686 | Lair:3   | Noticed a four-headed hydra
  8801 | Lair:2   | Reached ***** piety under Trog
  8913 | Lair:3   | Killed a one-headed hydra
  8943 | Lair:3   | Reached XP level 12. HP: 62/62 MP: 13/13
  8980 | Lair:3   | Found a staircase to the Swamp.
  9275 | Lair:3   | Noticed a five-headed hydra
  9283 | Lair:3   | Killed a one-headed hydra
  9284 | Lair:3   | Reached skill level 1 in Evocations
  9360 | Lair:3   | Noticed a boulder beetle
  9378 | Lair:3   | Killed a boulder beetle
  9379 | Lair:3   | Reached skill level 14 in Axes
  9850 | Lair:4   | Noticed a five-headed hydra
  9861 | Lair:4   | Killed a one-headed hydra
  9956 | Lair:4   | Found a burning altar of Makhleb.
 10109 | Lair:4   | Noticed a five-headed hydra
 10122 | Lair:4   | Killed a two-headed hydra
 10241 | Lair:4   | Noticed a death yak
 10241 | Lair:4   | Noticed a four-headed hydra
 10261 | Lair:3   | Killed a death yak
 10262 | Lair:3   | Reached skill level 15 in Axes
 10265 | Lair:3   | Identified the +6 battleaxe "Foshreu Posi" {antimagic,
                  | Fragile rPois Dex+5} (Trog gifted it to you on level 3 of
                  | the Lair of Beasts)
 10265 | Lair:3   | Received a gift from Trog
 10311 | Lair:4   | Noticed a death yak
 10322 | Lair:4   | Noticed a death yak
 10324 | Lair:4   | Noticed a death yak
 10327 | Lair:4   | Killed a death yak
 10331 | Lair:4   | Reached skill level 5 in Evocations
 10331 | Lair:4   | Reached XP level 13. HP: 36/67 MP: 14/14
 10884 | Lair:4   | Reached skill level 16 in Axes
 11077 | Lair:5   | Found a frozen archway.
 11097 | IceCv    | Entered an ice cave
 11481 | IceCv    | Found an ancient bone altar of Kikubaaqudgha.
 11513 | IceCv    | Received a gift from Trog
 11892 | Lair:5   | Found a blossoming altar of Fedhas.
 12098 | Lair:5   | Reached XP level 14. HP: 73/74 MP: 15/15
 12387 | Lair:5   | Found a staircase to the Slime Pits.
 12805 | Lair:6   | Entered Level 6 of the Lair of Beasts
 12868 | Lair:6   | Received a gift from Trog
 13624 | Lair:6   | Reached skill level 10 in Fighting
 13778 | Lair:6   | Found a large runed translucent door.
 13779 | Lair:6   | Found a large runed translucent door.
 14471 | D:9      | Reached skill level 5 in Dodging
 14599 | D:9      | Found a hazy altar of Hepliaklqana.
 14600 | D:9      | Found a burning altar of Makhleb.
 14600 | D:9      | Found an iron altar of Okawaru.
 14649 | D:9      | Received a gift from Trog
 14692 | D:9      | Found a glowing silver altar of Zin.
 14694 | D:9      | Found a white marble altar of Elyvilon.
 14943 | D:10     | Entered Level 10 of the Dungeon
 15163 | D:10     | Reached skill level 1 in Throwing
 15947 | D:11     | Found a staircase to the Orcish Mines.
 16024 | D:11     | Found a flagged portal.
 16064 | Bailey   | Entered a bailey
 16883 | D:11     | Noticed Josephine
 16890 | D:11     | Killed Josephine
 16890 | D:11     | Received a gift from Trog
 16935 | D:11     | Noticed Nergalle
 16943 | D:11     | Killed Nergalle
 17094 | D:11     | Reached XP level 15. HP: 62/82 MP: 16/16
 17341 | Orc:1    | Entered Level 1 of the Orcish Mines
 17349 | Orc:1    | Found Viulileze's Assorted Antiques.
 17483 | Orc:1    | Noticed Erica
 17498 | Orc:1    | Killed Erica
 17696 | Orc:1    | Reached skill level 5 in Throwing
 17858 | Orc:1    | Noticed Fannar
 17863 | Orc:1    | Killed Fannar
 17982 | Orc:2    | Entered Level 2 of the Orcish Mines
 17982 | Orc:2    | Found a staircase to the Elven Halls.
 17982 | Orc:2    | Found Geoxtum's Armour Shop.
 18123 | Orc:2    | Reached ****** piety under Trog
 18715 | Orc:2    | Found Nosof's Distillery.
 18716 | Orc:2    | Found Bongiero's Book Boutique.
 18716 | Orc:2    | Found Qesy's Magic Scroll Emporium.
 18716 | Orc:2    | Found Yreturock's Armour Shop.
 18724 | Orc:2    | Bought a scroll of teleportation for 39 gold pieces
 18724 | Orc:2    | Bought a scroll of teleportation for 39 gold pieces
 18726 | Orc:2    | Bought a potion of curing for 42 gold pieces
 18757 | Orc:2    | Bought a +2 cloak of willpower for 301 gold pieces
 18790 | Orc:1    | Bought a buzzing plate armour for 840 gold pieces
 18790 | Orc:1    | Identified the +10 plate armour of the Hall of Blades
                  | {rPois rF- rC+++ MP-9} (You bought it in a shop on level 1
                  | of the Orcish Mines)
 18960 | D:12     | Noticed Gastronok
 18968 | D:12     | Killed Gastronok
 19139 | D:12     | Received a gift from Trog
 19156 | D:12     | Reached skill level 17 in Axes
 19467 | D:12     | Found a shimmering altar of Xom.
 19472 | D:12     | Noticed Psyche
 19477 | D:12     | Killed Psyche
 19646 | D:13     | Found a shadowy altar of Dithmenos.
 20557 | D:13     | Found a gate to the Vaults.
 20560 | D:13     | Reached XP level 16. HP: 88/88 MP: 17/17
 21234 | D:14     | Acquired a +1 vampiric war axe
 21678 | D:14     | Received a gift from Trog
 22027 | D:15     | Entered Level 15 of the Dungeon
 22111 | D:14     | Reached skill level 18 in Axes
 22155 | D:15     | Found a staircase to the Depths.
 22568 | D:15     | Identified Roxanne's Catalogue of Transmigration
 22568 | D:15     | Noticed Roxanne
 23175 | Swamp:1  | Entered Level 1 of the Swamp
 23619 | Swamp:1  | Noticed Aizul
 23633 | Swamp:1  | Killed Aizul
 24178 | Swamp:2  | You fall into a shaft and drop 1 floor!
 24184 | Swamp:3  | Noticed a thorn hunter
 24202 | Swamp:3  | Killed a thorn hunter
 24405 | Swamp:2  | Paralysed by a hornet for 3 turns
 24417 | Swamp:2  | Reached XP level 17. HP: 84/95 MP: 18/18
 24459 | Swamp:2  | Received a gift from Trog
 24734 | Swamp:2  | Noticed Frances
 24747 | Swamp:2  | HP: 2/144 [will-o-the-wisp/foxfire (8)]
 24747 | Swamp:2  | Killed from afar by a will-o-the-wisp

Illustrated notes

Levels and vault maps discovered:
D:1:      psy_arrival_fountain, layout_basic, serial_shops, nicolae_shop_trees,
          basic_ecumenical_altar
D:2:      layout_loops_ring, minmay_misc_feat_enclosed,
          kennysheep_cross_bottleneck, minmay_tree_intersection, uniq_terence
D:3:      layout_rooms, minmay_increasing_density
D:4:      layout_basic, jmf_multi_god_temple, minmay_box_of_dots, uniq_ijyb,
          uniq_menkaure, uniq_crazy_yiuf_cottage, uniq_purgy
D:5:      layout_loops_ring
D:6:      layout_rooms, minmay_temple_entry_hall
D:7:      layout_loops_cross
D:8:      gammafunk_steamed_eel, layout_basic, due_lair_maze_entry_diamond,
          grunt_decor_clamped
D:9:      layout_cave_pods, grunt_temple_overflow_open
D:10:     layout_loops_corners, serial_bayou_pond_d, minivault_7
D:11:     layout_loops_ring, orc_0_dummy, enter_bailey_8, uniq_nergalle,
          uniq_josephine
D:12:     layout_gridville, xom_confusion_cloud, uniq_gastronok, uniq_psyche
D:13:     layout_layer_cave, grunt_vaults_entry_tiered,
          nicolae_dithmenos_shadow_blocks
D:14:     layout_loops_ring, serial_co_window_serial, co_window_paths_b,
          co_window_paths_a, co_window_corner_a, co_window_of_opportunity_a,
          co_window_of_opportunity_a, co_window_paths_a, co_window_corner_a,
          co_window_cross_3, co_window_corner_cb, co_window_2corner,
          co_window_paths_c, co_window_corner_ca
D:15:     gammafunk_depths_entry_grave, layout_loops_ring, uniq_roxanne
Temple:   regret_index_temple_generic_petals
Lair:1:   layout_roguey
Lair:2:   layout_cave_pods, spider_nest_entry_webs, serial_bayou_shore_a,
          uniq_maggie
Lair:3:   layout_cave_shapes, swamp_mist_pool, columned_hall_lemuel,
          nzn_sisyphean_effort
Lair:4:   beast_lair_carwin_large_4, layout_regular_city, basic_altar,
          forest_entry_grove
Lair:5:   layout_layer_cave, minmay_slime_entry_pillars,
          portal_ice_cave_entry_imps, lemuel_altar_in_water2,
          eino_house_with_fridge
Lair:6:   cheibrodos_lair_end_hotspot, layout_hall_layers
Swamp:1:  layout_basic_swamp, serial_swamp_ruin, evilmike_swamp_ruin_rubble_1,
          evilmike_swamp_ruin_house_4, swamp_pool4, uniq_aizul
Swamp:2:  layout_basic_swamp, nicolae_swamp_godswood,
          nicolae_swamp_bloodsuckers_inc, uniq_frances
Swamp:3:  layout_basic_swamp, evilmike_swamp_ruin_rubble_2
Orc:1:    layout_diamond_mine, serial_shops, shop_fountains, uniq_fannar,
          uniq_erica
Orc:2:    st_orc_ogre_mass, layout_caves, serial_shops, shop_fountains

Skill      XL: |  1  2  3  4  5  6  7  8  9 10 11 12 13 14 15 16 |
---------------+-------------------------------------------------+-----
Axes           | 3 4 5 6 7 9 10 12 13 15 16 17 18 | 18.3
Armour         | 2 3 5 6 7 |  7.9
Fighting       | 3 4 6 7 8 11 12 13 | 13.8
Shields        | 2 5 |  5.1
Evocations     | 5 8 |  8.5
Dodging        | 5 |  5.0
Throwing       | 4 6 |  6.0

Action                   |  1- 3 |  4- 6 |  7- 9 | 10-12 | 13-15 | 16-18 || total
-------------------------+-------+-------+-------+-------+-------+-------++-------
Melee: Hand axe          |   107 |    79 |   200 |   308 |   853 |    15 ||  1562
       Bite              |    26 |    19 |    45 |   126 |   383 |   245 ||   844
       War axe           |       |       |       |       |   150 |   544 ||   694
Throw: Javelin           |       |       |       |       |     2 |       ||     2
Invok: Berserk           |     2 |     2 |     4 |     1 |     4 |     2 ||    15
       Trog's Hand       |       |       |       |     1 |     3 |     1 ||     5
Evoke: Wand              |       |       |       |     2 |     4 |       ||     6
  Use: Scroll            |       |       |     6 |     3 |     8 |     7 ||    24
 Stab: Petrified         |       |       |       |       |     4 |       ||     4
Armor: Animal skin       |     6 |       |       |       |       |       ||     6
       Ring mail         |    31 |       |       |       |       |       ||    31
       Scale mail        |       |    22 |    77 |    81 |   241 |   172 ||   593
       Chain mail        |       |       |       |       |       |    83 ||    83
Dodge: Dodged            |    70 |    41 |    76 |    82 |   324 |   180 ||   773
Block: Buckler           |       |       |       |    36 |   175 |   106 ||   317

Table legend: (Time is in decaauts)
 A = Elapsed time spent in this place.
 B = Non-inter-level travel time spent in this place.
 C = Inter-level travel time spent in this place.
 D = Time resting spent in this place.
 E = Time spent auto-exploring this place.
 F = Levels seen in this place.
 G = Mean time per level.
                   A        B        C        D        E       F      G
               +--------+--------+--------+--------+--------+-----+--------+
         Total |  24331 |  22449 |   1882 |   1473 |  16931 |  29 |  839.0 |
       Dungeon |  13703 |  12590 |   1113 |    571 |  10210 |  15 |  913.5 |
        Temple |      1 |      1 |      0 |      0 |      0 |   1 |    1.0 |
          Lair |   6614 |   6009 |    605 |    360 |   4698 |   6 | 1102.3 |
         Swamp |   1240 |   1231 |      9 |    109 |    797 |   3 |  413.3 |
  Orcish Mines |   1471 |   1317 |    154 |     54 |    877 |   2 |  735.5 |
        Bailey |    620 |    620 |      0 |    191 |    155 |   1 |  620.0 |
      Ice Cave |    679 |    679 |      0 |    187 |    194 |   1 |  679.0 |
               +--------+--------+--------+--------+--------+-----+--------+

Top non-repeatable levels by time:
  Lair:2: 1344 daAuts
    D:13: 1267 daAuts
     D:1: 1264 daAuts
  Lair:5: 1183 daAuts
    D:14: 1128 daAuts
  Lair:3: 1121 daAuts
     D:8: 1090 daAuts
  Lair:4: 1061 daAuts
    D:10: 1059 daAuts
  Lair:6: 1034 daAuts
     D:2: 966 daAuts
     D:9: 888 daAuts
    D:15: 876 daAuts
  Lair:1: 869 daAuts
     D:7: 866 daAuts
